TOP OF THE 1ST |
San Francisco Bandits batting - Pitching for Seattle Pikes : LHP Albert Lebel
|
Pitching: LHP Albert Lebel
|
|
Batting: RHB Pete Rideout
|
0-0: Ball 1-0: Fly out, F3 (Popup, 3D)
|
Batting: RHB Susumu Sugiyama
|
0-0: DOUBLE (Line Drive, 8RXD)
|
Batting: RHB Cory Foster
|
0-0: Ball 1-0: Ball 2-0: Ball 3-0: Base on Balls
|
Batting: RHB Ramón Ruíz
|
0-0: Ball 1-0: Foul Ball, location: 2F 1-1: Foul Ball, location: 2F 1-2: Strikes out swinging
|
Batting: LHB John Peterson
|
0-0: Ball 1-0: Fly out, F7 (Flyball, 7LS)
|
Top of the 1st over - 0 run(s), 1 hit(s), 0 error(s), 2 left on base; San Francisco 0 - Seattle 0 |
BOTTOM OF THE 1ST |
Seattle Pikes batting - Pitching for San Francisco Bandits : LHP Tomiji Takuda
|
Pitching: LHP Tomiji Takuda
|
|
Batting: RHB Manuel Rico
|
0-0: Ground out 5-3 (Groundball, 56)
|
Batting: RHB Randy Sheppard
|
0-0: SOLO HOME RUN (Flyball, 7LD), Distance : 380 ft
|
Batting: RHB António Ortega
|
0-0: TRIPLE (Line Drive, 9LD)
|
Batting: RHB Dennis Stephenson
|
0-0: Ground out 6-3 (Groundball, 6M) António Ortega scores
|
Batting: RHB Rafael Rincón
|
0-0: Foul Ball, location: 2F 0-1: Called Strike 0-2: Ball 1-2: Ball 2-2: Ground out 6-3 (Groundball, 6)
|
Bottom of the 1st over - 2 run(s), 2 hit(s), 0 error(s), 0 left on base; San Francisco 0 - Seattle 2 |
TOP OF THE 2ND |
San Francisco Bandits batting - Pitching for Seattle Pikes : LHP Albert Lebel
|
Batting: RHB Michael Elliott
|
0-0: Foul Ball, location: 2F 0-1: Called Strike 0-2: Foul Ball, location: 2F 0-2: Strikes out swinging
|
Batting: LHB Francisco Calderón
|
0-0: SOLO HOME RUN (Flyball, 78XD), Distance : 448 ft
|
Batting: RHB Jorge Díaz
|
0-0: Called Strike 0-1: Swinging Strike 0-2: Ball 1-2: Strikes out looking
|
Batting: LHB Charles-Antoine Champagne
|
0-0: Ball 1-0: Ball 2-0: Ball 3-0: Called Strike 3-1: Ground out 4-3 (Groundball, 34)
|
Top of the 2nd over - 1 run(s), 1 hit(s), 0 error(s), 0 left on base; San Francisco 1 - Seattle 2 |
BOTTOM OF THE 2ND |
Seattle Pikes batting - Pitching for San Francisco Bandits : LHP Tomiji Takuda
|
Batting: RHB John Anderson
|
0-0: Ball 1-0: Ground out 1-3 (Groundball, 15S)
|
Batting: RHB George Howard
|
0-0: Swinging Strike 0-1: Called Strike 0-2: Ball 1-2: Ball 2-2: Ball 3-2: Base on Balls
|
Batting: LHB Bruno Lalonde
|
0-0: Ball 1-0: Called Strike 1-1: Called Strike 1-2: Fly out, F8 (Flyball, 8RXD)
|
Batting: SHB Jong-min Kim
|
0-0: Ball 1-0: Foul Ball, location: 2F 1-1: Foul Ball, location: 2F 1-2: Ball 2-2: Ball 3-2: SINGLE (Line Drive, 7S) George Howard to second George Howard to third
|
Batting: RHB Manuel Rico
|
Pickoff Throw to First - Error! E1 George Howard scores Jong-min Kim to second 0-0: Ball 1-0: Ball 2-0: Called Strike 2-1: Ball 3-1: Called Strike 3-2: Foul Ball, location: 2F 3-2: Foul Ball, location: 2F 3-2: Foul Ball, location: 2F 3-2: Foul Ball, location: 2F 3-2: Ground out 5-3 (Groundball, 56)
|
Bottom of the 2nd over - 1 run(s), 1 hit(s), 1 error(s), 1 left on base; San Francisco 1 - Seattle 3 |
TOP OF THE 3RD |
San Francisco Bandits batting - Pitching for Seattle Pikes : LHP Albert Lebel
|
Batting: RHB Pete Rideout
|
0-0: Ball 1-0: Swinging Strike 1-1: Foul Ball, location: 2F 1-2: Foul Ball, location: 2F 1-2: Foul Ball, location: 2F 1-2: Strikes out swinging
|
Batting: RHB Susumu Sugiyama
|
0-0: Called Strike 0-1: Fly out, F4 (Popup, 4MS)
|
Batting: RHB Cory Foster
|
0-0: Ball 1-0: Foul Ball, location: 2F 1-1: Foul Ball, location: 2F 1-2: Ball 2-2: Strikes out swinging
|
Top of the 3rd over - 0 run(s), 0 hit(s), 0 error(s), 0 left on base; San Francisco 1 - Seattle 3 |
BOTTOM OF THE 3RD |
Seattle Pikes batting - Pitching for San Francisco Bandits : LHP Tomiji Takuda
|
Batting: RHB Randy Sheppard
|
0-0: Foul Ball, location: 2F 0-1: SINGLE (Groundball, 34D)
|
Batting: RHB António Ortega
|
0-0: Ball 1-0: Ball 2-0: Called Strike 2-1: Ball 3-1: Called Strike 3-2: Strikes out swinging
|
Batting: RHB Dennis Stephenson
|
0-0: Ball Randy Sheppard steals 2nd base 1-0: Ball 2-0: Ball 3-0: Base on Balls
|
Batting: RHB Rafael Rincón
|
0-0: Fly out, F1 (Popup, 13S)
|
Batting: RHB John Anderson
|
0-0: Called Strike 0-1: Ground out 1-3 (Groundball, 15S)
|
Bottom of the 3rd over - 0 run(s), 1 hit(s), 0 error(s), 2 left on base; San Francisco 1 - Seattle 3 |
TOP OF THE 4TH |
San Francisco Bandits batting - Pitching for Seattle Pikes : LHP Albert Lebel
|
Batting: RHB Ramón Ruíz
|
0-0: Ball 1-0: Foul Ball, location: 2F 1-1: Foul Ball, location: 2F 1-2: Strikes out looking
|
Batting: LHB John Peterson
|
0-0: Foul Ball, location: 2F 0-1: Ball 1-1: Ground out U3 (Groundball, 3)
|
Batting: RHB Michael Elliott
|
0-0: SINGLE (Line Drive, 78M)
|
Batting: LHB Francisco Calderón
|
0-0: Called Strike 0-1: Fly out, F4 (Popup, 8LS)
|
Top of the 4th over - 0 run(s), 1 hit(s), 0 error(s), 1 left on base; San Francisco 1 - Seattle 3 |
BOTTOM OF THE 4TH |
Seattle Pikes batting - Pitching for San Francisco Bandits : LHP Tomiji Takuda
|
Batting: RHB George Howard
|
0-0: Called Strike 0-1: Fly out, F7 (Flyball, 7D)
|
Batting: LHB Bruno Lalonde
|
0-0: Foul Ball, location: 2F 0-1: Swinging Strike 0-2: Foul Ball, location: 2F 0-2: Ball 1-2: Foul Ball, location: 2F 1-2: Ball 2-2: Ball 3-2: SINGLE (Groundball, 6M)
|
Batting: SHB Jong-min Kim
|
0-0: Called Strike Bruno Lalonde steals 2nd base 0-1: Ball Throwing error on steal attempt, E2 Bruno Lalonde scores 1-1: Ground out 5-3 (Groundball, 5)
|
Batting: RHB Manuel Rico
|
0-0: Ground out 6-3 (Groundball, 6)
|
Bottom of the 4th over - 1 run(s), 1 hit(s), 1 error(s), 0 left on base; San Francisco 1 - Seattle 4 |
TOP OF THE 5TH |
San Francisco Bandits batting - Pitching for Seattle Pikes : LHP Albert Lebel
|
Batting: RHB Jorge Díaz
|
0-0: Fly out, F6 (Popup, 6D)
|
Batting: LHB Charles-Antoine Champagne
|
0-0: Foul Ball, location: 2F 0-1: Ball 1-1: Ground out 6-3 (Groundball, 6)
|
Batting: RHB Pete Rideout
|
0-0: Called Strike 0-1: Called Strike 0-2: Ball 1-2: Ball 2-2: Strikes out swinging
|
Top of the 5th over - 0 run(s), 0 hit(s), 0 error(s), 0 left on base; San Francisco 1 - Seattle 4 |
BOTTOM OF THE 5TH |
Seattle Pikes batting - Pitching for San Francisco Bandits : LHP Tomiji Takuda
|
Batting: RHB Randy Sheppard
|
0-0: Called Strike 0-1: Swinging Strike 0-2: Ball 1-2: Ground out 5-3 (Groundball, 56)
|
Batting: RHB António Ortega
|
0-0: Called Strike 0-1: Called Strike 0-2: Ground out 4-3 (Groundball, 4)
|
Batting: RHB Dennis Stephenson
|
0-0: Ground out 5-3 (Groundball, 56)
|
Bottom of the 5th over - 0 run(s), 0 hit(s), 0 error(s), 0 left on base; San Francisco 1 - Seattle 4 |
TOP OF THE 6TH |
San Francisco Bandits batting - Pitching for Seattle Pikes : LHP Albert Lebel
|
Batting: RHB Susumu Sugiyama
|
0-0: Ball 1-0: Ball 2-0: Fly out, F9 (Flyball, 9M)
|
Batting: RHB Cory Foster
|
0-0: Foul Ball, location: 2F 0-1: Foul Ball, location: 2F 0-2: Strikes out swinging
|
Batting: RHB Ramón Ruíz
|
0-0: Called Strike 0-1: Ball 1-1: Foul Ball, location: 2F 1-2: SINGLE (Line Drive, 9S)
|
Batting: LHB John Peterson
|
0-0: Ball 1-0: SINGLE (Flyball, 6MD) Ramón Ruíz to second
|
Batting: RHB Michael Elliott
|
0-0: Called Strike 0-1: Swinging Strike 0-2: Ball 1-2: Strikes out swinging
|
Top of the 6th over - 0 run(s), 2 hit(s), 0 error(s), 2 left on base; San Francisco 1 - Seattle 4 |
BOTTOM OF THE 6TH |
Seattle Pikes batting - Pitching for San Francisco Bandits : LHP Tomiji Takuda
|
Batting: RHB Rafael Rincón
|
0-0: Ground out 1-3 (Groundball, 13S)
|
Batting: RHB John Anderson
|
0-0: Fly out, F9 (Flyball, 9S)
|
Batting: RHB George Howard
|
0-0: Ball 1-0: Bunt missed! 1-1: Ball 2-1: SINGLE (Line Drive, 8RS)
|
Batting: LHB Bruno Lalonde
|
0-0: Ball 1-0: Called Strike 1-1: Ball 2-1: Called Strike 2-2: Ground out 6-3 (Groundball, 6)
|
Bottom of the 6th over - 0 run(s), 1 hit(s), 0 error(s), 1 left on base; San Francisco 1 - Seattle 4 |
TOP OF THE 7TH |
San Francisco Bandits batting - Pitching for Seattle Pikes : LHP Albert Lebel
|
Batting: LHB Francisco Calderón
|
0-0: Ball 1-0: Called Strike 1-1: Called Strike 1-2: Ball 2-2: Strikes out swinging
|
Batting: RHB Jorge Díaz
|
0-0: Ground out 5-3 (Groundball, 5S)
|
Batting: LHB Charles-Antoine Champagne
|
0-0: Ball 1-0: Called Strike 1-1: Ball 2-1: Called Strike 2-2: Foul Ball, location: 2F 2-2: Foul Ball, location: 2F 2-2: Strikes out swinging
|
Top of the 7th over - 0 run(s), 0 hit(s), 0 error(s), 0 left on base; San Francisco 1 - Seattle 4 |
BOTTOM OF THE 7TH |
Seattle Pikes batting - Pitching for San Francisco Bandits : LHP Tomiji Takuda
|
Batting: SHB Jong-min Kim
|
0-0: Called Strike 0-1: Foul Ball, location: 2F 0-2: Ball 1-2: Foul Ball, location: 2F 1-2: SINGLE (Line Drive, 34D)
|
Batting: RHB Manuel Rico
|
0-0: Bunt missed! 0-1: Bunt missed! 0-2: Ball 1-2: SINGLE (Line Drive, 78S) Jong-min Kim to second
|
Batting: RHB Randy Sheppard
|
0-0: Ball 1-0: Called Strike 1-1: Ball 2-1: Called Strike 2-2: Ball 3-2: Grounds into double play, 5-4-3 (Groundball, 56) Jong-min Kim to third
|
Batting: RHB António Ortega
|
0-0: Intentional Walk
|
Batting: RHB Dennis Stephenson
|
0-0: Fly out, F9 (Flyball, 89M)
|
Bottom of the 7th over - 0 run(s), 2 hit(s), 0 error(s), 2 left on base; San Francisco 1 - Seattle 4 |
TOP OF THE 8TH |
San Francisco Bandits batting - Pitching for Seattle Pikes : LHP Albert Lebel
|
Pitching: RHP Ernesto Beltrán
|
|
Batting: RHB Pete Rideout
|
0-0: Ball 1-0: Ball 2-0: Ball 3-0: Base on Balls
|
Batting: RHB Susumu Sugiyama
|
0-0: Ball 1-0: Ball 2-0: Ball 3-0: Called Strike 3-1: Fly out, F2 (Popup, 23F)
|
Batting: RHB Cory Foster
|
0-0: 2-RUN HOME RUN (Flyball, 78XD), Distance : 444 ft
|
Pitching: LHP Cristián Escobar
|
|
Batting: RHB Ramón Ruíz
|
0-0: Called Strike 0-1: Ball 1-1: Ball 2-1: Ball 3-1: Ground out U3 (Groundball, 3)
|
Batting: LHB John Peterson
|
0-0: Ball 1-0: Ball 2-0: Ball 3-0: Base on Balls
|
Pitching: RHP Gilberto Barrera
|
|
Batting: RHB Michael Elliott
|
0-0: Ball 1-0: Called Strike 1-1: Ground out 2-3 (Groundball, 2L)
|
Top of the 8th over - 2 run(s), 1 hit(s), 0 error(s), 1 left on base; San Francisco 3 - Seattle 4 |
BOTTOM OF THE 8TH |
Seattle Pikes batting - Pitching for San Francisco Bandits : LHP Tomiji Takuda
|
Batting: RHB Rafael Rincón
|
0-0: Ball 1-0: Called Strike 1-1: Ball 2-1: Ball 3-1: Called Strike 3-2: Ground out 5-3 (Groundball, 56)
|
Batting: RHB John Anderson
|
0-0: Ball 1-0: Ground out 5-3 (Groundball, 56)
|
Batting: RHB George Howard
|
0-0: Ground out 5-3 (Groundball, 56)
|
Bottom of the 8th over - 0 run(s), 0 hit(s), 0 error(s), 0 left on base; San Francisco 3 - Seattle 4 |
TOP OF THE 9TH |
San Francisco Bandits batting - Pitching for Seattle Pikes : RHP Gilberto Barrera
|
Pitching: RHP Jim Nelson
|
|
Now at 3B: Naomi Kitamura
|
|
Batting: LHB Francisco Calderón
|
0-0: Called Strike 0-1: Ground out 6-3 (Groundball, 6M)
|
Batting: RHB Jorge Díaz
|
0-0: Called Strike 0-1: Foul Ball, location: 2F 0-2: DOUBLE (Line Drive, 7LS)
|
Batting: LHB Charles-Antoine Champagne
|
0-0: Called Strike 0-1: Ball 1-1: DOUBLE (Flyball, 7D) Jorge Díaz scores
|
Batting: RHB Pete Rideout
|
0-0: Swinging Strike 0-1: Swinging Strike 0-2: Ball 1-2: Strikes out swinging
|
Batting: RHB Susumu Sugiyama
|
0-0: Foul Ball, location: 2F 0-1: Ground out 6-3 (Groundball, 6MS)
|
Top of the 9th over - 1 run(s), 2 hit(s), 0 error(s), 1 left on base; San Francisco 4 - Seattle 4 |
BOTTOM OF THE 9TH |
Seattle Pikes batting - Pitching for San Francisco Bandits : LHP Tomiji Takuda
|
Batting: LHB Bruno Lalonde
|
0-0: Ground out 6-3 (Groundball, 6)
|
Batting: SHB Jong-min Kim
|
0-0: Ball 1-0: Ball 2-0: Ball 3-0: Foul Ball, location: 2F 3-1: Swinging Strike 3-2: SINGLE (Line Drive, 3)
|
Batting: RHB Manuel Rico
|
0-0: SINGLE (Flyball, 7S) Jong-min Kim to second
|
Batting: RHB Randy Sheppard
|
0-0: Ball 1-0: Ball 2-0: Called Strike 2-1: SINGLE (Line Drive, 56D) Jong-min Kim to third Manuel Rico to second Runner from 3rd tries for Home, SAFE, throw made home
|
|